 Dungeon Crawl Stone Soup version 0.22-a0-877-g5c4e1af (webtiles) character file.

309 prawnwizard the Slasher (level 6, -1/47 HPs)
             Began as a Demonspawn Gladiator on July 29, 2018.
             Slain by a slave (3 damage)
             ... led by Pikel
             ... on level 5 of the Dungeon.
             The game lasted 00:04:30 (3876 turns).

prawnwizard the Slasher (Demonspawn Gladiator)      Turns: 3876, Time: 00:04:31

Health: -1/47      AC:  8    Str: 16    XL:     6   Next: 17%
Magic:  6/6        EV: 13    Int:  9    God:
Gold:   227        SH:  0    Dex: 15    Spells: 5/5 levels left

rFire    . . .     SeeInvis .   a - +0 long sword
rCold    . . .     Gourm    .   (no shield)
rNeg     . . .     Faith    .   e - +0 ring mail
rPois    .         Spirit   .   g - +2 helmet
rElec    .         Reflect  .   (no cloak)
rCorr    .         Harm     .   (no gloves)
MR       .....                  (no boots)
Stlth    +.........             (no amulet)
HPRegen  0.15/turn              (no ring)
MPRegen  0.10/turn              (no ring)

@: no status effects
A: powered by death 1
a: no special abilities


You were on level 5 of the Dungeon.
You were hungry.

You visited 1 branch of the dungeon, and saw 5 of its levels.

You collected 227 gold pieces.

Inventory:

Hand Weapons
 a - a +0 long sword (weapon)
Missiles
 d - 3 throwing nets (quivered)
Armour
 e - a +0 ring mail (worn)
 g - a +2 helmet (worn)
Jewellery
 j - an uncursed amulet of the acrobat {unknown}
Wands
 s - a wand of random effects (37)
Scrolls
 b - 4 scrolls of remove curse
 c - 2 scrolls of identify
 k - 2 scrolls of fog {unknown}
 p - a scroll of magic mapping {unknown}
 q - 5 scrolls of amnesia {unknown}
Potions
 h - a potion of heal wounds {unknown}
 i - 3 potions of curing {unknown}
 l - a potion of cancellation {unknown}
 m - a potion of berserk rage {unknown}
 n - a potion of mutation {unknown}
 o - a potion of brilliance {unknown}
Comestibles
 f - 4 rations


   Skills:
 + Level 3.6 Fighting
 * Level 4.9 Long Blades
 - Level 1.7 Throwing
 + Level 3.9 Dodging


You had 5 spell levels left.
You didn't know any spells.
Your spell library contained the following spells:

 Spells                   Type           Power        Failure   Level  Hunger
 Apportation              Tloc           #.....       61%         1    ##.....
 Summon Small Mammal      Summ           #...         61%         1    ##.....
 Animate Skeleton         Necr           N/A          61%         1    ##.....
 Confusing Touch          Hex            #.....       61%         1    ##.....


Dungeon Overview and Level Annotations

Branches:
Dungeon (5/15)
 Temple: D:4-7

Altars:
Elyvilon
Hepliaklqana
Kikubaaqudgha
Makhleb
Qazlal
Trog

Annotations:
D:5 Pikel, Prince Ribbit


Innate Abilities, Weirdness & Mutations

You regenerate a little health from kills.


Message History

You closely miss the slave.
The slave is heavily wounded.
The frilled lizard closely misses you.
The two-headed ogre hits you with a giant spiked club!
* * * LOW HITPOINT WARNING * * *
The two-headed ogre misses you.
As you read the scroll labeled NIRYUR NYAMNUNETZ, it crumbles to dust.
You feel blessed for a moment.
It was a scroll of remove curse.
The slave hits you.
* * * LOW HITPOINT WARNING * * *
The frilled lizard bites you.
* * * LOW HITPOINT WARNING * * *
The slave hits you.
* * * LOW HITPOINT WARNING * * *
The slave hits you but does no damage.
As you read the scroll labeled MAQAGG XUBOIX, it crumbles to dust.
It is a scroll of identify.
Okay, then.
The slave hits you.
You die...

..... .... ...### ....#
F..####.. ##........
#...o# ##.#lO#
##########O.#p@#
##....<.[o.l###ppp.s#
##.........<..#HwK......
#.)................>....
#...........H...........
#.......................
#.......................
#.......................
##.....[......###...


You could see a two-headed ogre, a hippogriff, Prince Ribbit, Pikel, 4 slaves, a
worm, an orc, a giant cockroach and a frilled lizard.

Vanquished Creatures
  A water moccasin skeleton (D:4)
  2 orc wizards
  9 adders
  2 oozes
  A worm (D:3)
  A dart slug (D:2)
  4 leopard geckos (D:4)
  15 orcs
  9 bats
  2 bat zombies (D:3)
  4 giant cockroaches
  3 goblins
  9 hobgoblins
  8 jackals
  2 quokkas
  9 frilled lizards
  5 kobolds
  A leopard gecko skeleton (D:4)
  9 rats
  A rat zombie (D:3)
97 creatures vanquished.

Notes
Turn   | Place    | Note
-------+----------+-------------------------------------------
     0 | D:1      | prawnwizard the Demonspawn Gladiator began the quest for the Orb.
     0 | D:1      | Reached XP level 1. HP: 16/16 MP: 1/1
   252 | D:1      | Reached skill level 3 in Long Blades
   441 | D:1      | Gained mutation: You regenerate a little health from kills. [demonic ancestry]
   441 | D:1      | Reached XP level 2. HP: 21/22 MP: 2/2
   881 | D:2      | Found a hazy altar of Hepliaklqana.
  1020 | D:2      | Reached XP level 3. HP: 28/28 MP: 3/3
  1415 | D:2      | Reached XP level 4. HP: 26/34 MP: 4/4
  1865 | D:3      | Reached skill level 4 in Long Blades
  1997 | D:3      | Reached XP level 5. HP: 39/41 MP: 5/5
  2142 | D:3      | Found an ancient bone altar of Kikubaaqudgha.
  3183 | D:4      | Reached XP level 6. HP: 47/47 MP: 6/6
  3208 | D:4      | Found a stormy altar of Qazlal.
  3208 | D:4      | Found a faded altar of an unknown god.
  3213 | D:4      | Found a bloodstained altar of Trog.
  3215 | D:4      | Found a burning altar of Makhleb.
  3217 | D:4      | Found a faded altar of an unknown god.
  3301 | D:4      | Found a white marble altar of Elyvilon.
  3501 | D:5      | Entered Level 5 of the Dungeon
  3507 | D:5      | Noticed a hippogriff
  3512 | D:5      | Noticed a two-headed ogre
  3806 | D:5      | Noticed Prince Ribbit
  3866 | D:5      | Noticed a slave
  3869 | D:5      | Noticed a slave
  3870 | D:5      | Noticed a slave
  3870 | D:5      | Noticed Pikel
  3871 | D:5      | Noticed a slave
  3875 | D:5      | HP: 2/47 [slave[Pikel] (1)]
  3876 | D:5      | Slain by a slave

Vault maps used:
D:1:      eino_arrival_water_cross, minmay_unequal
D:2:      nicolae_overflow_crystal_walls
D:3:      lemuel_zombie_altar_kikubaaqudgha, first_ration, minivault_19
D:4:      elyvilon_altar_4, chequers_temple_overflow_minitemple
D:5:      serial_bayou_pond_a, uniq_pikel, uniq_prince_ribbit1

Skill      XL: |  1  2  3  4 |
---------------+-------------+-----
Long Blades    | 3 4 |  4.9
Dodging        | 3 |  3.9
Fighting       | 3 |  3.6
Throwing       | |  1.7

Action                   |  1- 3 |  4- 6 || total
-------------------------+-------+-------++-------
Melee: Long sword        |   107 |   168 ||   275
  Use: Scroll            |       |     2 ||     2
 Stab: Sleeping          |     1 |       ||     1
  Eat: Chunk             |     2 |     7 ||     9
Armor: Ring mail         |    54 |    84 ||   138
       Leather armour    |     3 |       ||     3
Dodge: Dodged            |    96 |   159 ||   255
       Rpst.: Long sword |    29 |    48 ||    77

Table legend:
 A = Spawn XP
 B = Non-spawn XP
 C = Spawn XP percentage of total XP
 D = Spawn monster count
 E = Non-spawn monster count
 F = Spawn count percentage of total count
 G = Total turns spent on level
                    A         B        C        D         E        F      G
               +---------+---------+-------+---------+---------+-------+---------
         Total |       0 |     442 |   0.0 |       0 |      97 |   0.0 |  3876
               +---------+---------+-------+---------+---------+-------+---------
           D:1 |       0 |      24 |   0.0 |       0 |      16 |   0.0 |   881
           D:2 |       0 |     119 |   0.0 |       0 |      28 |   0.0 |   921
           D:3 |       0 |     146 |   0.0 |       0 |      36 |   0.0 |  1149
           D:4 |       0 |     147 |   0.0 |       0 |      15 |   0.0 |   865
           D:5 |       0 |       6 |   0.0 |       0 |       2 |   0.0 |    60
               +---------+---------+-------+---------+---------+-------+---------
